Map: Catalyst LE

Players

Silky - Winner!

  • Race: Zerg Zerg
  • Spawn Location: 11:00

HuT

  • Race: Terran Terran
  • Spawn Location: 5:00

Event: WCS Valencia 2018

VOD

Have the link to the VOD?

Description

Time

  • Played on: July 12, 2018, 2:14 p.m.
  • Length: 10:51

All games in this series

Show
View Real Time Build Order
Export as new Build Order

Silky Zerg - Winner!

Build Orders: Hatch First 

Get SALT Encoding   

  12  0:00  Drone  
  13  0:12  Overlord  
  13  0:18  Drone  
  14  0:31  Drone x2  
  16  0:48  Hatchery  
  15  0:52  Drone  
  15  0:55  Drone  
  17  0:58  Drone  
  18  1:09  Extractor  
  17  1:14  Spawning Pool  
  17  1:17  Drone  
  17  1:20  Drone  
  18  1:28  Drone  
  19  1:38  Drone  
  20  1:49  Overlord  
  20  2:00  Queen  
  20  2:01  Zergling x4, Queen  
  26  2:09  Metabolic Boost  
  26  2:11  Drone  
  26  2:13  Drone  
  28  2:31  Drone x2  
  28  2:34  Extractor, Drone x2  
  31  2:42  Overlord, Queen  
  33  2:49  Extractor  
  34  2:51  Zergling x2  
  34  2:55  Zergling x4  
  36  3:06  Queen  
  36  3:07  Overlord  
  36  3:08  Drone x4  
  36  3:10  Extractor  
  42  3:16  Drone x2  
  44  3:22  Extractor  
  44  3:31  Drone x2  
  46  3:36  Zergling x6  
  46  3:39  Hatchery  
  49  3:42  Drone  
  49  3:43  Queen  
  52  3:59  Overlord  
  52  4:02  Baneling Nest  
  51  4:12  Drone  
  51  4:15  Overlord, Spore Crawler  
  51  4:16  Queen, Drone  
  52  4:18  Drone x5  
  59  4:26  Overlord  
  59  4:27  Overlord  
  59  4:28  Drone  
  60  4:34  Drone x2  
  60  4:36  Lair  
  60  4:45  Zergling x6  
  61  4:46  Zergling x4  
  61  4:48  Drone  
  61  4:52  Drone  
  65  4:54  Queen  
  65  4:56  Extractor  
  65  4:57  Extractor  
  65  4:58  Drone  
  66  5:00  Drone  
  66  5:06  Drone x2  
  69  5:10  Evolution Chamber  
  69  5:12  Overlord  
  68  5:16  Queen  
  68  5:19  Overlord  
  68  5:21  Zergling x8  
  72  5:27  Drone x4  
  78  5:31  Queen  
  78  5:34  Centrifical Hooks  
  79  5:36  Drone x3  
  82  5:44  Zerg Ground Armor Level 1, Drone x3  
  82  5:45  Drone  
  82  5:46  Zergling x4  
  82  5:49  Overlord  
  88  5:50  Zergling x2  
  88  5:58  Overlord  
  88  6:03  Overlord x2, Zergling x2  
  89  6:07  Queen  
  89  6:08  Zergling x8  
  89  6:09  Zergling x2  
  89  6:11  Baneling x3  
  96  6:12  Baneling  
  96  6:13  Zergling x2  
  96  6:17  Baneling x4  
  96  6:18  Baneling x3  
  97  6:19  Zergling x4  
  97  6:21  Zergling x2  
  97  6:22  Zergling x2  
  101  6:26  Zergling x8  
  101  6:29  Queen  
  101  6:31  Zergling x2  
  101  6:32  Zergling x2  
  109  6:35  Zergling x2  
  110  6:40  Zergling x2  
  110  6:49  Queen  
  110  6:50  Drone x3  
  110  6:51  Zergling x10  
  120  6:55  Overlord  
  120  6:58  Zergling x2  
  121  7:03  Baneling x11  
  121  7:06  Overlord, Baneling x2  
  121  7:10  Zergling x2  
  122  7:16  Overlord  
  101  7:30  Zergling x18  
  101  7:38  Zergling x2  
  101  7:41  Zerg Ground Armor Level 2  
  100  7:44  Evolution Chamber  
  100  7:46  Zergling x6  
  102  7:54  Hatchery x2  
  102  7:55  Zergling x4  
  102  8:00  Zergling x2  
  102  8:04  Baneling x5  
  103  8:07  Drone x2  
  103  8:08  Hydralisk Den  
  103  8:09  Drone  
  103  8:10  Extractor x2  
  103  8:11  Zerg Melee Weapons Level 1  
  102  8:14  Zergling x2  
  102  8:15  Zergling x10  
  102  8:19  Drone x3  
  109  8:30  Overlord  
  109  8:31  Zergling x4  
  110  8:36  Zergling x6  
  110  8:39  Grooved Spines  
  110  8:40  Drone  
  110  8:41  Drone x2  
  115  8:44  Zergling x6  
  115  8:45  Zergling x4  
  115  8:47  Baneling x6  
  119  8:50  Zergling x2  
  120  9:02  Hydralisk x3  
  120  9:04  Overlord  
  120  9:06  Queen  
  120  9:07  Drone x4  
  132  9:11  Hydralisk x2  
  132  9:13  Hydralisk  
  132  9:16  Zergling x2  
  132  9:17  Zergling x14  
  142  9:20  Spore Crawler  
  142  9:23  Spore Crawler  
  144  9:29  Hydralisk x3  
  144  9:30  Hydralisk  
  152  9:32  Overlord  
  152  9:33  Overlord  
  152  9:34  Zergling x4  
  152  9:35  Zergling x4  
  152  9:38  Extractor  
  154  9:39  Spore Crawler, Drone  
  154  9:40  Spore Crawler  
  154  9:45  Drone x2  
  155  9:58  Hydralisk x6  
  161  10:02  Zergling x2  
  161  10:03  Zergling x10  
  163  10:11  Zergling x10  
  166  10:16  Zergling x10  
  165  10:26  Baneling x16  
  156  10:29  Zergling x10  
  156  10:30  Zergling x2  
  156  10:33  Zergling x2  
  156  10:34  Zergling x4  
Show
View Real Time Build Order
Export as new Build Order

HuT Terran 

Build Orders: Reaper Expand, Bio Tank 

Get SALT Encoding   

  12  0:00  SCV  
  13  0:13  SCV  
  14  0:17  Supply Depot  
  14  0:25  SCV  
  15  0:38  SCV  
  15  0:40  Barracks  
  16  0:44  Refinery  
  16  0:51  SCV  
  17  1:03  SCV  
  18  1:15  SCV  
  19  1:27  Reaper  
  19  1:28  Orbital Command  
  20  1:42  Command Center  
  20  1:53  Supply Depot  
  20  1:56  SCV  
  20  1:59  Marine  
  22  2:09  SCV  
  22  2:13  Factory  
  23  2:21  SCV  
  23  2:22  Refinery  
  24  2:23  Barracks Reactor  
  24  2:33  Bunker, SCV  
  25  2:45  SCV  
  26  2:56  Orbital Command  
  26  3:04  Starport  
  26  3:06  SCV  
  26  3:10  Barracks Tech Lab, Hellion x2  
  31  3:18  SCV  
  32  3:22  SCV  
  33  3:30  SCV  
  33  3:31  Hellion x2  
  38  3:35  SCV  
  39  3:43  Barracks Tech Lab  
  39  3:46  SCV  
  39  3:47  Viking, SCV  
  43  3:49  Supply Depot  
  43  3:55  Hellion  
  45  3:58  SCV  
  45  4:00  Supply Depot  
  46  4:04  Stimpack  
  46  4:09  Marine  
  46  4:10  SCV  
  46  4:14  Engineering Bay  
  49  4:18  Supply Depot  
  47  4:24  SCV x2  
  47  4:29  Barracks x2  
  47  4:31  Supply Depot, Starport Reactor  
  49  4:35  Marine  
  49  4:36  Siege Tank  
  53  4:40  SCV x2  
  53  4:41  Terran Infantry Weapons Level 1  
  55  4:47  Refinery  
  55  4:50  Refinery  
  55  4:52  SCV x2  
  57  4:53  Marine  
  58  5:00  Supply Depot  
  58  5:04  SCV x2  
  60  5:12  Marine  
  61  5:16  SCV x2  
  61  5:21  Barracks  
  63  5:22  Supply Depot, Barracks  
  63  5:24  Supply Depot  
  63  5:27  Starport Reactor  
  63  5:29  Siege Tank  
  63  5:30  Marine x2  
  63  5:31  Marine x2  
  63  5:32  Marine  
  71  5:37  Supply Depot, SCV  
  72  5:46  Supply Depot  
  72  5:48  Marine x2  
  72  5:49  Marine x2  
  76  5:53  Marine  
  77  6:02  Siege Tank  
  77  6:03  Medivac  
  77  6:04  Medivac  
  84  6:06  Marine x2  
  84  6:07  Marine x2  
  84  6:09  Combat Shields  
  84  6:11  Barracks Reactor x2, Marine  
  89  6:23  Marine  
  89  6:25  Marine x3  
  93  6:29  Marine  
  94  6:34  Supply Depot, Siege Tank  
  94  6:35  Supply Depot  
  94  6:37  Medivac  
  99  6:41  Marine  
  99  6:42  Marine x2  
  99  6:43  Marine  
  103  6:47  Terran Infantry Armor Level 1, Marine  
  103  6:49  Marine x4  
  108  6:56  Supply Depot  
  108  6:59  Marine  
  109  7:04  Liberator x2, Marine x4  
  109  7:07  Marine x2  
  115  7:20  Marine x3  
  115  7:22  Marine  
  124  7:29  Marine x2  
  99  7:31  Marine x3  
  74  7:37  Marine  
  68  7:45  Siege Tank  
  68  7:49  Marine  
  72  7:56  Marine  
  73  8:03  Marine x7  
  73  8:04  Medivac  
  82  8:06  Marine  
  83  8:14  Marine  
  83  8:19  Liberator  
  84  8:21  Liberator, Marine x7  
  84  8:24  Siege Tank, Marine  
  95  8:32  Marine  
  96  8:38  Marine  
  96  8:40  Marine  
  104  8:47  Marine  
  104  8:48  Marine x3  
  108  8:53  Marine  
  108  8:54  Marine  
  108  9:00  Marine x3  
  111  9:05  Marine  
  111  9:06  Marine  
  111  9:07  Siege Tank  
  111  9:08  Marine  
  117  9:10  Marine  
  118  9:24  Marine x5  
  119  9:25  Marine x2  
  119  9:29  Marine x2  
  127  9:39  Siege Tank  
  127  9:41  Marine  
  127  9:42  Marine x2  
  133  9:49  Marine x2  
  133  9:50  Marine x2  
  133  9:51  Marine  
  138  10:04  Marine x4  
  142  10:19  Marine x2  
  142  10:20  Marine  
  134  10:22  Marine  
Tags
 
Add a new tag
Caveats
  • Supply blocks, unpowered buildings, or Contaminate may cause inaccurate times.
  • Supply counts are checked every 10 seconds.